 Dungeon Crawl Stone Soup version 0.17.1-3-g152610e (webtiles) character file.

71 KrozogBurug the Ogre Mage (level 4, -25/39 HPs)
             Began as an Ogre Wizard on Mar 9, 2016.
             Annihilated by an ogre
             ... wielding a +0 giant spiked club
              (35 damage)
             ... on level 4 of the Dungeon.
             The game lasted 00:07:46 (3032 turns).

KrozogBurug the Ogre Mage (Ogre Wizard)             Turns: 3032, Time: 00:07:46

Health: -25/39     AC:  4    Str: 14      XL:     4   Next: 24%
Magic:  7/8        EV:  9    Int: 18      God:
Gold:   163        SH:  0    Dex:  7 (8)  Spells: 4 memorised, 1 level left

rFire  . . .     SeeInvis .     f - +4 whip (venom)
rCold  . . .     Clarity  .     a - +0 robe
rNeg   + . .     SustAt   .     (no shield)
rPois  .         Gourm    .     b - +0 hat
rElec  +         Spirit   .     (no cloak)
rCorr  .         Warding  .     (gloves unavailable)
rMut   .         Stasis   .     (boots unavailable)
MR     .....                    (no amulet)
Stlth  +.........               (no ring)
                                o - ring of positive energy

@: not resistant to hostile enchantments, very unstealthy
A: unfitting armour, molten scales 1, deterioration 1, low mp 1, electricity
resistance, strong 1, tough skin 1
a: no special abilities


You were on level 4 of the Dungeon.
You were not hungry.

You visited 1 branch of the dungeon, and saw 4 of its levels.

You collected 163 gold pieces.

Inventory:

Hand Weapons
 f - a +4 whip of venom (weapon)
Armour
 a - a +0 robe (worn)
 b - a +0 hat (worn)
Rods
 i - a -1 iron rod (10/10)
   (You found it on level 3 of the Dungeon)
Jewellery
 o - a ring of positive energy (left hand)
Scrolls
 e - a scroll of recharging
 m - a scroll of enchant weapon
 p - a scroll of enchant armour {unknown}
Potions
 j - 3 potions of curing
 k - a potion of lignification {unknown}
 l - 2 potions of might
Books
 c - a book of Minor Magic

   Spells                             Type                      Level
   a - Magic Dart                     Conjuration                  1
   b - Blink                          Translocation                2
   c - Call Imp                       Summoning                    2
   d - Repel Missiles                 Charms/Air                   2
   e - Slow                           Hexes                        2
   f - Conjure Flame                  Conjuration/Fire             3
   g - Mephitic Cloud                 Conjuration/Poison/Air       3
Comestibles
 d - 3 bread rations
 g - 2 meat rations
 h - a chunk of flesh
 n - 3 slices of pizza
 q - 4 fruits


   Skills:
 - Level 1.7 Dodging
 - Level 1.5 Stealth
 - Level 3.6 Spellcasting
 + Level 2.9 Conjurations
   Level 0.6 Summonings
 - Level 0.6 Translocations


You had one spell level left.
You knew the following spells:

 Your Spells              Type           Power        Failure   Level  Hunger
a - Magic Dart            Conj           ##..         6%          1    None
b - Blink                 Tloc           N/A          17%         2    ##.....
c - Mephitic Cloud        Conj/Pois/Air  #.......     34%         3    ###....
d - Conjure Flame         Conj/Fire      #.......     30%         3    ###....


Dungeon Overview and Level Annotations

Branches:
Dungeon (4/15)
 Temple: D:4-7

Altars:
Dithmenos


Innate Abilities, Weirdness & Mutations

You are too large for most types of armour.
You have tough skin (AC +1).
You are partially covered in molten scales (AC +1).
Your body sometimes deteriorates upon taking damage.
Your magical capacity is low (-10% MP).
You are resistant to electric shocks.
Your muscles are strong. (Str +2)


Message History

You hit the ogre.
The ogre is moderately wounded.
You barely miss the ogre.
The ogre is moderately wounded.
The ogre seems less confused.
The ogre hits you with a giant spiked club!
* * * LOW HITPOINT WARNING * * *
Your body deteriorates!
You feel clumsy.
You completely miss the ogre.
The ogre is heavily wounded.
The ogre barely misses you.
You barely miss the ogre.
The ogre is heavily wounded.
The ogre barely misses you.
The ogre looks more healthy.
You hit the ogre.
The ogre is poisoned.
The ogre is severely wounded.
The ogre hits you with a giant spiked club!!
Ouch! That really hurt!
You die...

.# ## #.# #.
..###
#.####..#.#
#.........#
#..#.#.#.+#+
#...........
##.#.#.#....
#.@........
#.#O#.#....
#.......+##
######...#
####


You could see an ogre.

Vanquished Creatures
  An adder (D:3)
  A shadow imp (D:3)
  2 giant geckos
  6 giant cockroaches
  7 hobgoblins
  3 quokkas
  6 bats
  4 giant newts
  5 goblins
  11 kobolds
  5 rats
51 creatures vanquished.

Notes
Turn   | Place    | Note
--------------------------------------------------------------
     0 | D:1      | KrozogBurug the Ogre Wizard began the quest for the Orb.
     0 | D:1      | Reached XP level 1. HP: 16/16 MP: 5/5
   360 | D:1      | Reached skill level 1 in Conjurations
   401 | D:1      | Reached XP level 2. HP: 24/24 MP: 6/6
   405 | D:1      | Learned a level 2 spell: Blink
   689 | D:1      | Reached XP level 3. HP: 20/31 MP: 8/8
   694 | D:1      | Learned a level 3 spell: Mephitic Cloud
   698 | D:1      | Learned a level 3 spell: Conjure Flame
  1553 | D:2      | Found a shadowy altar of Dithmenos.
  2793 | D:3      | Gained mutation: You are partially covered in molten scales (AC +1). [potion of mutation]
  2793 | D:3      | Gained mutation: You are resistant to electric shocks. [potion of mutation]
  2793 | D:3      | Gained mutation: Your magical capacity is low (-10% MP). [potion of mutation]
  2794 | D:3      | Gained mutation: Your body sometimes deteriorates upon taking damage. [potion of mutation]
  2794 | D:3      | Gained mutation: Your muscles are strong. (Str +2) [potion of mutation]
  2867 | D:3      | Reached XP level 4. HP: 17/39 MP: 8/8
  2870 | D:3      | Found a faded altar to an unknown god.
  3010 | D:4      | Noticed an ogre
  3032 | D:4      | Annihilated by an ogre

Action                   |  1- 3 |  4- 6 || total
-------------------------+-------+-------++-------
Melee: Whip              |   158 |    15 ||   173
       Unarmed           |     2 |       ||     2
 Cast: Magic Dart        |     2 |     5 ||     7
       Mephitic Cloud    |       |     1 ||     1
  Use: Scroll            |     7 |     1 ||     8
       Potion            |     2 |       ||     2
 Stab: Sleeping          |     2 |       ||     2
  Eat: Chunk             |     6 |     1 ||     7
